 Dungeon Crawl Stone Soup version 0.31-a0-117-g42d8f58691 (webtiles) character file.

Game seed: 16508723868915599834

811 lunkers the Zephyrmancer (level 7, 0/36 HPs)
             Began as a Tengu Air Elementalist on May 30, 2023.
             Killed by their own static electricity (2 damage)
             ... on level 5 of the Dungeon.
             The game lasted 00:07:17 (3524 turns).

lunkers the Zephyrmancer (Tengu Air Elementalist)   Turns: 3524, Time: 00:07:18

Health: 0/36       AC:  5    Str:  8    XL:     7   Next: 93%
Magic:  0/15       EV: 14    Int: 18    God:
Gold:   189        SH:  0    Dex: 14    Spells: 5/15 levels left

rFire   + + .        e - +1 dagger (venom)
rCold   . . .        (no shield)
rNeg    + . .        f - +2 leather armour {rF+}
rPois   .            (helmet restricted)
rElec   .            (no cloak)
rCorr   .            (no gloves)
SInv    .            (boots unavailable)
Will    .....        (no amulet)
Stlth   ++           h - ring of positive energy
HPRegen 0.26/turn    n - ring of protection from fire
MPRegen 0.14/turn

%: no passive effects
@: flying quickly and evasively, quick
A: beak, talons 3, nimble flight
a: no special abilities


You were on level 5 of the Dungeon.
You visited 1 branch of the dungeon, and saw 5 of its levels.

You collected 189 gold pieces.

Inventory:

Hand Weapons
 e - a +1 dagger of venom (weapon)
Armour
 a - a +0 robe
 f - a +2 leather armour of fire resistance (worn)
Jewellery
 h - a ring of positive energy (left hand)
 n - a ring of protection from fire (right hand)
Scrolls
 d - 3 scrolls of torment {unknown}
 g - 3 scrolls of brand weapon {unknown}
 i - a scroll of blinking {unknown}
 k - a scroll of teleportation {unknown}
 l - a scroll of vulnerability {unknown}
 o - a scroll of fear {unknown}
 p - a scroll of amnesia {unknown}
 q - 3 scrolls of fog {unknown}
 r - a scroll of identify {unknown}
Potions
 b - 2 potions of magic
 c - a potion of invisibility {unknown}
 j - 2 potions of curing {unknown}
 m - a potion of heal wounds {unknown}


   Skills:
 - Level 2.1 Dodging
 - Level 2.0 Stealth
 + Level 4.9 Spellcasting
 - Level 1.3 Conjurations
 * Level 10.0 Air Magic


You had 5 spell levels left.
You knew the following spells:

 Your Spells              Type           Power      Damage    Failure   Level
a - Shock                 Conj/Air       96%        1d9       1%          1
b - Static Discharge      Conj/Air       48%        2-4/arc   2%          2
c - Swiftness             Air            40%        N/A       1%          3
d - Airstrike             Air            20%        2d(3-19)  3%          4

Your spell library contained the following spells:

 Spells                   Type           Power      Damage    Failure   Level
 Cigotuvi's Dreadful Rot  Necr/Pois/Air  32%        N/A       8%          2
 Ignite Poison            Fire/Tmut/Pois 4%         N/A       52%         3
 Freezing Cloud           Conj/Ice/Air   9%         6-21      75%         5


Dungeon Overview and Level Annotations

Branches:
Dungeon (5/15)
 Temple: D:4-7

Altars:
Qazlal

Shops:
D:5 [


Innate Abilities, Weirdness & Mutations

You have a beak for a mouth.
You have claws for feet.
Your magical nature lets you fly swiftly and evasively.


Message History

The orc is heavily wounded.
The orc barely misses you.
You hit the orc but do no damage.
The orc is poisoned.
The orc is heavily wounded.
The orc hits you but does no damage.
You barely miss the orc. You claw the orc, but do no damage.
You peck the orc, but do no damage.
The orc is severely wounded.
The orc hits you with a +0 hand axe.
* * * LOW HITPOINT WARNING * * *
You hit the orc.
You kill the orc!
You hit the iguana.
The iguana is poisoned.
The iguana is heavily wounded.
The iguana barely misses you.
You barely miss the iguana. You peck the iguana.
The iguana is heavily wounded.
The iguana completely misses you.
You hit the iguana.
The iguana is severely wounded.
The iguana bites you.
* * * LOW HITPOINT WARNING * * *
Aiming: Shock (safe; 1% risk of failure)
Press: ? - help, Q - select action, (/) - cycle Shift-Dir - straight line The zap hits the iguana!
You kill the iguana!
* * * LOW MAGIC WARNING * * *
Your Air Magic skill increases to level 10!
Unknown command.
An orc comes into view. It is wielding a +0 trident.
The orc shouts!
The orc misses you. The orc hits you with a +0 trident.
* * * LOW HITPOINT WARNING * * *
Casting: Shock (safe; 1% risk of failure)
Confirm with . or Enter, or press ? or * to list all spells.
The orc is struck by an arc of lightning.
The orc is moderately wounded.
You are struck by an arc of lightning.
You die...

....o~~~~~≈~~≈~~~~~~~~~...
......[..............P....
....##.########......#..#
. #.# ###.......#..#
#)#####....#.####..# .
#††.....##...####..#
...##...######..###.<...
........#..........).....#
........o@..####..#.####.#
#....#####..........####.#
###.# ###..........##.# #.
#.†..##...##..... #
#.#.###.####.<..# #)#.#
####÷#..###
#)#.########.####
##)#..........#÷#.
#.)####.###.∩.###.


You could see an orc.

Vanquished Creatures
  An ice beast (D:5)
  An ogre (D:4)
  A phantom (D:4)
  A scorpion (D:4)
  5 hounds
  2 iguanas (D:5)
  3 orc wizards (D:5)
  Robin (D:4)
  5 adders
  5 gnolls
  A river rat (D:4)
  A white imp (D:5)
  An ufetubus (D:5)
  4 worms
  9 orcs (D:5)
  A bat (D:1)
  7 endoplasms
  2 giant cockroaches
  8 hobgoblins
  3 jackals (D:5)
  4 quokkas
  8 ball pythons
  A frilled lizard (D:3)
  16 goblins
  5 kobolds
  3 rats
99 creatures vanquished.

Notes
Turn   | Place    | Note
-------+----------+-------------------------------------------
     0 | D:1      | lunkers the Tengu Air Elementalist began the quest for the
                  | Orb.
     0 | D:1      | Reached XP level 1. HP: 10/10 MP: 4/4
   238 | D:1      | Reached XP level 2. HP: 15/15 MP: 3/6
   406 | D:1      | Found a faded altar of an unknown god.
   915 | D:1      | Reached skill level 5 in Air Magic
  1008 | D:1      | Reached XP level 3. HP: 19/19 MP: 3/7
  1057 | D:2      | Learned a level 3 spell: Swiftness
  1060 | D:2      | Learned a level 2 spell: Static Discharge
  1211 | D:2      | Identified the +3 leather armour of Sifodoy {Int+2}
  1449 | D:2      | Reached XP level 4. HP: 21/24 MP: 1/9
  1461 | D:2      | Reached skill level 6 in Air Magic
  2098 | D:3      | Found a stormy altar of Qazlal.
  2294 | D:4      | Gained mutation: Your magical nature lets you fly swiftly
                  | and evasively. [Tengu growth]
  2294 | D:4      | Reached XP level 5. HP: 28/28 MP: 10/10
  2323 | D:4      | Noticed an ogre
  2338 | D:4      | Killed an ogre
  2339 | D:4      | Reached skill level 7 in Air Magic
  2345 | D:4      | Learned a level 4 spell: Airstrike
  2444 | D:4      | Reached XP level 6. HP: 32/32 MP: 12/12
  2493 | D:4      | Noticed Robin
  2512 | D:4      | Killed Robin
  2871 | D:4      | Reached skill level 8 in Air Magic
  3054 | D:4      | Found a glowing drain.
  3120 | D:5      | Entered Level 5 of the Dungeon
  3120 | D:5      | Found Orhapomu's Armour Emporium.
  3130 | D:5      | Reached XP level 7. HP: 13/36 MP: 7/14
  3376 | D:5      | Reached skill level 9 in Air Magic
  3511 | D:5      | Reached skill level 10 in Air Magic
  3524 | D:5      | Killed from afar by themself

Illustrated notes

Levels and vault maps discovered:
D:1:      roderic_chinese_lattice_arrival, layout_loops_ring,
          hellmonk_ecumenical_altar_blasted
D:2:      layout_basic, minmay_pentomino_z4
D:3:      layout_rooms, mainiacjoe_overflow_catwalk
D:4:      layout_basic, portal_sewer_entry_e, nicolae_letterblocks
          [nicolae_letter_subblock, nicolae_letter_subblock,
          nicolae_letter_subblock, nicolae_letter_subblock,
          nicolae_letter_subblock, nicolae_letter_subblock,
          nicolae_letter_subblock, nicolae_letter_subblock,
          nicolae_letter_subblock, nicolae_letter_subblock,
          nicolae_letter_subblock, nicolae_letter_subblock,
          nicolae_letter_subblock, nicolae_letter_subblock,
          nicolae_letter_subblock, nicolae_letter_subblock,
          nicolae_letter_subblock, nicolae_letter_subblock,
          nicolae_letter_subblock, nicolae_letter_subblock,
          nicolae_letter_subblock, nicolae_letter_subblock,
          nicolae_letter_subblock, nicolae_letter_subblock,
          nicolae_letter_subblock], uniq_robin
D:5:      lemuel_castle_with_subvaults [lemuel_castle_interior_carwin_2],
          layout_rooms, serial_shops, nicolae_shop_gibbet_a_chance

Skill      XL: |  1  2  3  4  5  6  7 |
---------------+----------------------+-----
Air Magic      | 5 6 7 8 10 | 10.0
Spellcasting   | 3 4 |  4.9
Dodging        | |  2.1
Stealth        | |  2.0
Conjurations   | |  1.3

Action                     |  1- 3 |  4- 6 |  7- 9 || total
---------------------------+-------+-------+-------++-------
  Melee: Unarmed           |     3 |       |       ||     3
         Dagger            |    12 |    50 |    24 ||    86
         Kick              |     4 |    16 |     5 ||    25
         Peck              |     1 |     9 |     5 ||    15
   Cast: Shock             |    75 |    45 |    20 ||   140
         Static Discharge  |     3 |    14 |     9 ||    26
   Stab: Sleeping          |       |     3 |       ||     3
 Armour: Leather armour    |     5 |    10 |     8 ||    23
  Dodge: Dodged            |    11 |    50 |    28 ||    89

Table legend: (Time is in decaauts)
 A = Elapsed time spent in this place.
 B = Non-inter-level travel time spent in this place.
 C = Inter-level travel time spent in this place.
 D = Time resting spent in this place.
 E = Time spent auto-exploring this place.
 F = Levels seen in this place.
 G = Mean time per level.
                   A        B        C        D        E       F      G
               +--------+--------+--------+--------+--------+-----+--------+
         Total |   3457 |   3362 |     95 |      0 |   2729 |   5 |  691.4 |
       Dungeon |   3457 |   3362 |     95 |      0 |   2729 |   5 |  691.4 |
               +--------+--------+--------+--------+--------+-----+--------+

Top non-repeatable levels by time:
     D:1: 1041 daAuts
     D:2: 865 daAuts
     D:4: 780 daAuts
     D:5: 390 daAuts
     D:3: 379 daAuts
